 Dungeon Crawl Stone Soup version 0.30-a0-743-gbfdf073431 (webtiles) character file.

Game seed: 12841983304780534685

76 Bnni the Shooter (level 4, 0/27 HPs)
             Began as a Deep Elf Hunter on Feb 6, 2023.
             Slain by a gnoll
             ... wielding a +0 flail
              (11 damage)
             ... on level 2 of the Dungeon.
             The game lasted 00:01:17 (762 turns).

Bnni the Shooter (Deep Elf Hunter)                   Turns: 762, Time: 00:01:17

Health: 0/27       AC:  3    Str:  8    XL:     4   Next: 12%
Magic:  6/6        EV: 12    Int: 14    God:
Gold:   48         SH:  0    Dex: 20    Spells: 3/3 levels left

rFire   . . .      SeeInvis .    a - +0 shortbow
rCold   . . .      Faith    .    (shield currently unavailable)
rNeg    + . .      Spirit   .    c - +0 leather armour
rPois   .          Reflect  .    (no helmet)
rElec   .          Harm     .    (no cloak)
rCorr   .          Rampage  .    (no gloves)
Will    +....                    (no boots)
Stlth   ++                       (no amulet)
HPRegen 0.24/turn                e - ring of willpower
MPRegen 0.10/turn                f - ring of positive energy

@: no status effects
A: no striking features
a: no special abilities


You were on level 2 of the Dungeon.
You visited 1 branch of the dungeon, and saw 2 of its levels.

You collected 48 gold pieces.

Inventory:

Hand Weapons
 a - a +0 shortbow (weapon)
Armour
 c - a +0 leather armour (worn)
Jewellery
 e - a ring of willpower (left hand)
 f - a ring of positive energy (right hand)
Scrolls
 b - a scroll of immolation
 d - a scroll of identify {unknown}
 h - a scroll of poison {unknown}
 i - a scroll of magic mapping {unknown}
 j - a scroll of teleportation {unknown}
Potions
 g - a potion of haste {unknown}


   Skills:
 + Level 2.4 Fighting
 * Level 6.9 Ranged Weapons
 - Level 2.4 Dodging
 - Level 1.2 Stealth


You had 3 spell levels left.
You didn't know any spells.
Your spell library was empty.

Dungeon Overview and Level Annotations

Branches:
Dungeon (2/15)

Altars:

Annotations:
D:2 Robin


Message History

The gnoll is almost dead.
A gnoll comes into view. It is wielding a +0 whip.
You shoot an arrow. The arrow completely misses the gnoll.
A gnoll comes into view. It is wielding a +0 flail.
You shoot an arrow. The arrow hits the gnoll.
You kill the gnoll!
The gnoll attacks as you move away! The gnoll hits you with a +0 flail.
You shoot an arrow.
The arrow hits the gnoll but does no damage.
The gnoll closely misses you.
You shoot an arrow. The arrow closely misses the gnoll.
The arrow hits the gnoll.
The gnoll is moderately wounded.
A kobold comes into view. It is wielding a +1 whip of venom.
You shoot an arrow. The arrow hits the gnoll.
The gnoll is lightly wounded.
You shoot an arrow. The arrow hits the gnoll!
The gnoll is almost dead.
The gnoll barely misses you.
You shoot an arrow. The arrow hits the gnoll.
The gnoll is heavily wounded.
The gnoll barely misses you.
You shoot an arrow. The arrow closely misses the gnoll.
The arrow hits the gnoll.
You kill the gnoll!
The gnoll hits you with a +0 flail!
You have reached level 4!
You feel clever.
You shoot an arrow. The arrow closely misses the gnoll.
The arrow hits the gnoll!
The gnoll is heavily wounded.
The gnoll hits you with a +0 flail.
You shoot an arrow.
The arrow hits the gnoll but does no damage.
The gnoll is heavily wounded.
The gnoll hits you with a +0 flail.
You shoot an arrow. The arrow hits the gnoll.
The gnoll is severely wounded.
The gnoll hits you with a +0 flail!
You die...

...#.#.#..###.#####
...#...#....#...^.#
####.#.#...<....#.#
#.#.#....###.#.#
#.# #........#.#
#.# #..#.#####.#
#.# #..#.(.....#
#.........##
##.######@# #g#
####K# #...g#
#g#### #...K.#
#g#####


You could see 2 gnolls and a kobold.

Vanquished Creatures
  3 gnolls
  4 dart slugs (D:1)
  7 bats
  5 endoplasms
  2 giant cockroaches (D:1)
  3 goblins (D:2)
  6 hobgoblins (D:1)
  A quokka (D:1)
  A frilled lizard (D:1)
  2 kobolds
  A rat (D:2)
35 creatures vanquished.

Vanquished Creatures (others)
  51 plants (D:1)
51 creatures vanquished.

Grand Total: 86 creatures vanquished

Notes
Turn   | Place    | Note
-------+----------+-------------------------------------------
     0 | D:1      | Bnni the Deep Elf Hunter began the quest for the Orb.
     0 | D:1      | Reached XP level 1. HP: 12/12 MP: 3/3
    19 | D:1      | Reached XP level 2. HP: 17/17 MP: 4/4
    49 | D:1      | Reached skill level 6 in Ranged Weapons
   207 | D:1      | Reached XP level 3. HP: 21/21 MP: 5/5
   666 | D:2      | Noticed Robin
   759 | D:2      | Reached XP level 4. HP: 15/27 MP: 6/6
   762 | D:2      | Slain by a gnoll

Illustrated notes

Levels and vault maps discovered:
D:1:      roderic_crop_circles_arrival_small, layout_basic, minmay_domino_4
D:2:      minmay_evil_eye, layout_basic, minmay_three_crescents, uniq_robin

Skill      XL: |  1  2 |
---------------+-------+-----
Ranged Weapons | 6 |  6.9
Fighting       | 2 |  2.4
Dodging        | |  2.4
Stealth        | |  1.2

Action                     |  1- 3 |  4- 6 || total
---------------------------+-------+-------++-------
   Fire: Shortbow          |    92 |     3 ||    95
 Armour: Leather armour    |    11 |       ||    11
  Dodge: Dodged            |    31 |       ||    31

Table legend: (Time is in decaauts)
 A = Elapsed time spent in this place.
 B = Non-inter-level travel time spent in this place.
 C = Inter-level travel time spent in this place.
 D = Time resting spent in this place.
 E = Time spent auto-exploring this place.
 F = Levels seen in this place.
 G = Mean time per level.
                   A        B        C        D        E       F      G
               +--------+--------+--------+--------+--------+-----+--------+
         Total |    783 |    712 |     71 |     58 |    458 |   2 |  391.5 |
       Dungeon |    783 |    712 |     71 |     58 |    458 |   2 |  391.5 |
               +--------+--------+--------+--------+--------+-----+--------+

Top non-repeatable levels by time:
     D:1: 715 daAuts
     D:2: 68 daAuts
